 Dungeon Crawl Stone Soup version 0.30.1-11-g7821555f0a (webtiles) character file.

Game seed: 9113547878914893524

9 SacredBeard the Vexing (level 2, -2/15 (16) HPs)
             Began as a Deep Elf Hexslinger on Oct 30, 2023.
             Slain by a gnoll
             ... wielding a +0 flail of draining
              (9 damage)
             ... on level 1 of the Dungeon.
             The game lasted 00:00:39 (252 turns).

SacredBeard the Vexing (Deep Elf Hexslinger)         Turns: 252, Time: 00:00:40

HP:   -2/15 (16)    AC:  2    Str:  7    XL:     2   Next: 6%
MP:   6/6           EV: 12    Int: 17    God:
Gold: 62            SH:  0    Dex: 15    Spells: 3/4 levels left

rFire   . . .        a - +1 sling
rCold   . . .        (no shield)
rNeg    . . .        c - +0 robe
rPois   .            (no helmet)
rElec   .            (no cloak)
rCorr   .            (no gloves)
SInv    .            (no boots)
Will    .....        (no amulet)
Stlth   +            (no ring)
HPRegen 0.22/turn    (no ring)
MPRegen 0.10/turn

%: no passive effects
@: drained
A: no striking features
a: no special abilities


You were on level 1 of the Dungeon.
You visited 1 branch of the dungeon, and saw 1 of its levels.

You collected 62 gold pieces.

Inventory:

Hand Weapons
 a - a +1 sling (weapon)
Armour
 c - a +0 robe (worn)
Scrolls
 b - a scroll of poison
 d - a scroll of brand weapon {unknown}
 f - 2 scrolls of identify {unknown}
 g - 3 scrolls of teleportation {unknown}
Potions
 e - a potion of attraction {unknown}


   Skills:
 - Level 1.0 Fighting
 * Level 3.1 Ranged Weapons
 + Level 0.2 Armour
 + Level 2.6 Dodging
 + Level 1.8 Spellcasting
 + Level 4.1 Hexes


You had 3 spell levels left.
You knew the following spells:

 Your Spells              Type           Power      Damage    Failure   Level
a - Slow                  Hex            60%        N/A       3%          1

Your spell library contained the following spells:

 Spells                   Type           Power      Damage    Failure   Level
 Inner Flame              Hex/Fire       8%         N/A       26%         3
 Portal Projectile        Hex/Tloc       16%        N/A       26%         3
 Cause Fear               Hex            7%         N/A       36%         4


Dungeon Overview and Level Annotations

Branches:
Dungeon (1/15) Zot: 5741

Altars:


Message History

You now have 26 gold pieces (gained 7).
g - 3 scrolls labelled OLIEMN PIHYXKI You now have 31 gold pieces (gained 5).
You now have 46 gold pieces (gained 15).
Found a stone staircase leading down.
An endoplasm comes into view.
You shoot a sling bullet. The sling bullet hits the endoplasm.
The endoplasm is moderately wounded.
You shoot a sling bullet. The sling bullet hits the endoplasm.
The endoplasm is almost dead.
You shoot a sling bullet. The sling bullet hits the endoplasm.
You kill the endoplasm!
Training target 1.0 for Fighting reached!
Your Fighting skill increases to level 1!
No target in view!
No target in view!
You now have 62 gold pieces (gained 16).
A gnoll comes into view. It is wielding a +0 flail of draining.
You shoot a sling bullet. The sling bullet hits the gnoll.
The gnoll shouts!
The gnoll is lightly wounded.
You shoot a sling bullet. The sling bullet hits the gnoll.
The gnoll is heavily wounded.
You shoot a sling bullet.
The sling bullet completely misses the gnoll.
You shoot a sling bullet.
The sling bullet barely misses the gnoll.
You shoot a sling bullet.
The sling bullet closely misses the gnoll.
You shoot a sling bullet.
The sling bullet hits the gnoll but does no damage.
The gnoll is heavily wounded.
The gnoll hits you with a +0 flail of draining.
You feel drained.
You are too injured to fight recklessly!
You shoot a sling bullet.
The sling bullet closely misses the gnoll.
The gnoll hits you with a +0 flail of draining!
Ouch! That really hurt!
You die...

#...### #...... .#
#.#.... ##... .#####
.... ..# ## #
#####.####.# #.
...#####..........#####.
.......#.....>..........
#g@........## ####
##..........## .
##..........## #
#...........#
#.........#..##
########.## .### #.#
#.... #.###..###
#..#..##..


You could see a gnoll.

Vanquished Creatures
  A dart slug (D:1)
  An endoplasm (D:1)
  2 goblins (D:1)
  A hobgoblin (D:1)
  A quokka (D:1)
6 creatures vanquished.

Notes
Turn   | Place    | Note
-------+----------+-------------------------------------------
     0 | D:1      | SacredBeard the Deep Elf Hexslinger began the quest for the
                  | Orb.
     0 | D:1      | Reached XP level 1. HP: 11/11 MP: 5/5
   123 | D:1      | Reached XP level 2. HP: 16/16 MP: 6/6
   237 | D:1      | Reached skill level 1 in Fighting
   252 | D:1      | Slain by a gnoll

Illustrated notes

Levels and vault maps discovered:
D:1:      dpeg_arrival_oval, layout_rooms, minmay_parallelograms,
          nrook_loot_triangle

Skill      XL: |  1  2 |
---------------+-------+-----
Ranged Weapons | 3 |  3.1
Fighting       | 1 |  1.0
Armour         | |  0.2
Dodging        | |  2.6
Spellcasting   | |  1.8
Hexes          | |  4.1

Action                     || total
---------------------------++-------
   Fire: Sling             ||    24
  Dodge: Dodged            ||     3
